 Dungeon Crawl Stone Soup version 0.31-a0-986-g5e6e4ef867 (webtiles) character file.

Game seed: 1240515337350887310

98 ytrimaz the Insei (level 4, 0/42 HPs)
             Began as an Octopode Shapeshifter on Nov 6, 2023.
             Slain by an ogre
             ... wielding a +0 giant spiked club
              (15 damage)
             ... on level 3 of the Dungeon.
             The game lasted 00:03:56 (2334 turns).

ytrimaz the Insei (Octopode Shapeshifter)           Turns: 2334, Time: 00:03:57

Health: 0/42       AC: 22    Str: 19    XL:     4   Next: 69%
Magic:  13/13      EV:  2    Int: 12    God:
Gold:   132        SH:  0    Dex: 13    Spells: 3/3 levels left

rFire   . .          .
                       - Unarmed
rCold   + . .        (no shield)
rNeg    + . .        (helmet currently unavailable)
rPois   +            (no amulet)
rElec   .            e - ring of magical power
rCorr   .            i - +6 ring of strength
SInv    .            j - ring of positive energy
Will    .....        l - ring of protection from cold
Stlth   +            (no ring)
HPRegen 0.27/turn    (no ring)
MPRegen 0.13/turn    (no ring)
                     (no ring)

%: no passive effects
@: tree-form
A: stationary, stasis, torment immunity, boosted hp, almost no armour,
(amphibious), 8 rings, (camouflage 1), (gelatinous body 1), (nimble swimmer 1),
(tentacles)
a: no special abilities


You were on level 3 of the Dungeon.
You were a tree.
You visited 1 branch of the dungeon, and saw 3 of its levels.

You collected 132 gold pieces.


Innate Abilities, Weirdness & Mutations

You are a tree.
Your roots penetrate the ground, keeping you stationary.
You cannot be teleported.
You are immune to unholy pain and torment.
Your maximum health is greatly increased.
You cannot wear most types of armour.
((You are amphibious.))
You can wear up to eight rings at the same time.
((Your skin changes colour to match your surroundings (Stealth+).))
((Your rubbery body absorbs attacks. (AC +1, EV +1)))
((You are camouflaged when in or above water. (Stealth+)))
((You have tentacles for arms and can constrict up to eight enemies at once.))


   Skills:
 - Level 1.0 Fighting
 - Level 2.0 Dodging
 + Level 4.2 Unarmed Combat
 + Level 4.1 Shapeshifting


You had 3 spell levels left.
You didn't know any spells.
Your spell library contained the following spells:

 Spells                   Type           Power      Damage    Failure   Level
 Call Canine Familiar     Summ           0%         N/A       69%         3
 Sigil of Binding         Hex            0%         N/A       69%         3
 Dimensional Bullseye     Hex/Tloc       0%         N/A       97%         4
 Leda's Liquefaction      Hex/Erth       0%         N/A       97%         4

Inventory:

Jewellery
 e - a ring of magical power (left branch)
   (You found it on level 1 of the Dungeon)
 i - a +6 ring of strength (right branch)
   (You found it on level 2 of the Dungeon)
 j - a ring of positive energy (on tentacle)
   (You found it on level 2 of the Dungeon)
 l - a ring of protection from cold (on tentacle)
   (You found it on level 2 of the Dungeon)
Talismans
 b - a beast talisman
 c - a flux talisman
Wands
 n - a wand of roots (13)
   (You found it on level 3 of the Dungeon)
Scrolls
 d - 2 scrolls of torment {unknown}
 f - 5 scrolls of identify {unknown}
 g - a scroll of teleportation {unknown}
 h - a scroll of immolation {unknown}
 k - a scroll of blinking {unknown}
 m - a scroll of silence {unknown}
 o - a scroll of fear {unknown}

Dungeon Overview and Level Annotations

Branches:
Dungeon (3/15) Zot: 15658

Altars:

Shops:
D:3

[ #.........###
####....###
#....######
####...........
#..........#### ###
#.###)####.# .# #.. #
...##.####.####.###.#
#
..<.............O#.#
# ...#.#####.## #♣.#
# #.##.# #:## #
#.##.# #.# # ...#.#
#.# ######## ...#.#
#.# ........ .....# #
#.# ######## ######
#.#####.##### #
#>........>.# #
####.######.# #


You could see an ogre.


Message History

Natasha, Servant of Life and Death comes into view.
You tentacle-slap the ball python but do no damage.
Your grab misses the ball python. You tentacle-slap the ball python.
You kill the ball python!
Natasha casts a spell at you.
You feel yourself slow down. Natasha casts a spell at you.
You feel as though you will be slow longer.
You see here 4 stones.
Natasha claws you! 😮 HP[-9]
You take 9 damage, and now have 19/28 hp.
MASSIVE DAMAGE!! (PAUSE)
You tentacle-slap Natasha. You grab Natasha. Your squeeze misses Natasha.
You constrict Natasha. Natasha misses you.
Unknown command.
You tentacle-slap Natasha. You squeeze Natasha.
You kill Natasha!
Natasha screams in pain as she dies!
Your Shapeshifting skill increases to level 4!
Unknown command. 😮 HP[+1]
You feel yourself speed up.
Key pressed, stopping explore.
Unknown command. 😎 HP[+8]
Your hp is fully restored (28).
Key pressed, stopping explore.
Found a stone staircase leading up.
A bat comes into view.
The bat closely misses you.
A bat is nearby!
A bat is nearby!
A bat is nearby!
A bat is nearby!
A bat is nearby!
You tentacle-slap the bat. You grab the bat. You constrict the bat.
The bat closely misses you. x2
The bat struggles to escape constriction.
A bat is nearby!
You tentacle-slap the bat.
You kill the bat!
You see here a bat corpse.
A kobold comes into view. It is wielding a +0 dagger.
Unknown command.
The helpless kobold fails to defend itself.
You bludgeon the kobold!
You kill the kobold!
No target in view!
Things that are here:
a +0 dagger; a kobold corpse Key pressed, stopping explore.
Unknown command.
Key pressed, stopping explore.
Key pressed, stopping explore.
Key pressed, stopping explore.
No target in view!
Key pressed, stopping explore.
No target in view!
An endoplasm comes into view.
An endoplasm is nearby!
Unknown command.
An endoplasm is nearby!
An endoplasm is nearby!
An endoplasm is nearby!
The endoplasm quivers.
You tentacle-slap the endoplasm. You squeeze the endoplasm.
You kill the endoplasm!
No target in view!
No target in view!
Key pressed, stopping explore.
Found two stone staircases leading down.
An endoplasm comes into view.
An endoplasm is nearby!
An endoplasm is nearby!
An endoplasm is nearby!
An endoplasm is nearby!
An endoplasm is nearby!
An ogre comes into view. It is wielding a +0 giant spiked club.
You bludgeon the endoplasm!
You kill the endoplasm!
The ogre shouts!
Unknown command.
You see here a book of the Spheres.
The ogre hits you with a +0 giant spiked club!!
Ouch! That really hurt!
* * * LOW HITPOINT WARNING * * *
😨 HP[-19]
You take 19 damage, and now have 9/28 hp.
MASSIVE DAMAGE!! (PAUSE) Unknown command.
Your transformation has ended.
You turn into a tree.
Your roots penetrate the ground. 😨 HP[+6]
You now have 42 max hp (+14).
You regained 6 hp, and now have 15/42 hp.
Unknown command.
You hit the ogre.
The ogre hits you with a +0 giant spiked club!
You die...

Skill      XL: |  1  2  3  4 |
---------------+-------------+-----
Unarmed Combat | 4 |  4.2
Shapeshifting  | 4 |  4.1
Fighting       | |  1.0
Dodging        | |  2.0

Action                     |  1- 3 |  4- 6 || total
---------------------------+-------+-------++-------
  Melee: Unarmed           |    70 |    25 ||    95
         Constrict         |    21 |     8 ||    29
         Tentacles         |    13 |     3 ||    16
         Punch             |     2 |     1 ||     3
    Use: Potion            |       |     1 ||     1
   Stab: Sleeping          |     7 |     2 ||     9
 Armour: Skin              |    16 |     6 ||    22
  Dodge: Dodged            |    45 |    19 ||    64

Levels and vault maps discovered:
D:1:      dpeg_arrival_water_fire, layout_basic
D:2:      cheibrodos_old_hovel, layout_basic,
          dreamdust_ecumenical_altar_angels_and_demons
D:3:      layout_loops_ring, serial_shops, nicolae_shop_peninsula, shop,
          nicolae_shop_competitors_out_of_business, minmay_misc_feat_diagonals,
          nrook_uturn, uniq_natasha

Notes
Turn   | Place    | Note
-------+----------+-------------------------------------------
     0 | D:1      | ytrimaz the Octopode Shapeshifter began the quest for the
                  | Orb.
     0 | D:1      | Reached XP level 1. HP: 13/13 MP: 1/1
     0 | D:1      | magus.rc [v1.9.6]
   125 | D:1      | Reached XP level 2. HP: 11/18 MP: 2/2
   430 | D:1      | HP: 4/18 [quokka (1)]
   652 | D:1      | Reached XP level 3. HP: 20/23 MP: 3/3
  1214 | D:2      | Found a faded altar of an unknown god.
  1575 | D:2      | You pick up a book of the Hunter and begin reading...
  1575 | D:2      | You add the spells Sigil of Binding, Call Canine Familiar,
                  | Dimensional Bullseye and Leda's Liquefaction to your
                  | library.
  1713 | D:2      | Reached XP level 4. HP: 28/28 MP: 4/4
  1726 | D:2      | Reached skill level 4 in Unarmed Combat
  1933 | D:3      | Found Nydost's Armour Boutique.
  2120 | D:3      | Noticed Natasha
  2126 | D:3      | Killed Natasha
  2127 | D:3      | Reached skill level 4 in Shapeshifting
  2329 | D:3      | Noticed an ogre
  2334 | D:3      | Slain by an ogre

Vanquished Creatures
  Natasha (D:3)
  2 adders (D:2)
  3 dart slugs
  6 ball pythons
  3 endoplasms
  2 giant cockroaches (D:1)
  6 goblins
  6 hobgoblins
  5 kobolds
  3 quokkas (D:1)
  6 bats
  2 frilled lizards
  A rat (D:2)
46 creatures vanquished.

Table legend:
 A = Non-vault XP
 B = Vault XP
 C = Vault XP percentage of total XP
 D = Non-vault monster count
 E = Vault monster count
 F = Vault count percentage of total count
                 A         B        C        D         E       F
            +---------+---------+-------+---------+---------+-------
      Total |     103 |      37 |  26.4 |      44 |       2 |   4.3
            +---------+---------+-------+---------+---------+-------
        D:1 |      40 |       0 |   0.0 |      22 |       0 |   0.0
        D:2 |      48 |       1 |   2.0 |      13 |       1 |   7.1
        D:3 |      15 |      36 |  70.6 |       9 |       1 |  10.0
            +---------+---------+-------+---------+---------+-------

Skill      XL: |  1  2  3  4 |
---------------+-------------+-----
Unarmed Combat | 4 |  4.2
Shapeshifting  | 4 |  4.1
Fighting       | |  1.0
Dodging        | |  2.0

Action                     |  1- 3 |  4- 6 || total
---------------------------+-------+-------++-------
  Melee: Unarmed           |    70 |    25 ||    95
         Constrict         |    21 |     8 ||    29
         Tentacles         |    13 |     3 ||    16
         Punch             |     2 |     1 ||     3
    Use: Potion            |       |     1 ||     1
   Stab: Sleeping          |     7 |     2 ||     9
 Armour: Skin              |    16 |     6 ||    22
  Dodge: Dodged            |    45 |    19 ||    64

Illustrated notes

Table legend:
 A = Kills in this place as a percentage of kills in the entire game.
 B = Kills by you in this place as a percentage of kills by you in the entire game.
 C = Kills by friends in this place as a percentage of kills by friends in the entire game.
 D = Other kills in this place as a percentage of other kills in the entire game.
 E = Experience gained in this place as a percentage of experience gained in the entire game.
 F = Experience gained in this place divided by the number of levels of this place that you have seen.
                   A       B       C       D       E      F
               +-------+-------+-------+-------+-------+----------------------
         Total | 100.0 | 100.0 |   N/A |   N/A | 100.0 |  46.7
       Dungeon | 100.0 | 100.0 |   N/A |   N/A | 100.0 |  46.7
               +-------+-------+-------+-------+-------+----------------------

Table legend: (Time is in decaauts)
 A = Elapsed time spent in this place.
 B = Non-inter-level travel time spent in this place.
 C = Inter-level travel time spent in this place.
 D = Time resting spent in this place.
 E = Time spent auto-exploring this place.
 F = Levels seen in this place.
 G = Mean time per level.
                   A        B        C        D        E       F      G
               +--------+--------+--------+--------+--------+-----+--------+
         Total |   2340 |   2310 |     30 |      0 |   1973 |   3 |  780.0 |
       Dungeon |   2340 |   2310 |     30 |      0 |   1973 |   3 |  780.0 |
               +--------+--------+--------+--------+--------+-----+--------+

Top non-repeatable levels by time:
     D:1: 1191 daAuts
     D:2: 660 daAuts
     D:3: 488 daAuts
